 Dungeon Crawl Stone Soup version 0.26.1-11-gd32895ea62 (webtiles) character file.

Game seed: 86256058609997980

227 promet the Magician (level 5, -1/28 HPs)
             Began as a Deep Elf Summoner on June 8, 2021.
             Slain by a wyvern (12 damage)
             ... on level 5 of the Dungeon.
             The game lasted 00:15:20 (3828 turns).

promet the Magician (Deep Elf Summoner)             Turns: 3828, Time: 00:15:21

Health: -1/28      AC:  4    Str:  6    XL:     5   Next: 70%
Magic:  8/16       EV: 13    Int: 20    God:
Gold:   39         SH:  0    Dex: 15    Spells: 14/17 levels left

rFire    . . .     SeeInvis .   a - +1 dagger (drain)
rCold    . . .     Faith    .   (no shield)
rNeg     . . .     Spirit   .   k - +1 robe
rPois    .         Reflect  .   (no helmet)
rElec    .         Harm     .   m - +0 cloak
rCorr    .         Rampage  .   (no gloves)
Will     .....                  (no boots)
Stlth    ++........             (no amulet)
HPRegen  0.09/turn              (no ring)
MPRegen  0.15/turn              (no ring)

@: no status effects
A: no striking features
a: no special abilities


You were on level 5 of the Dungeon.
You visited 1 branch of the dungeon, and saw 4 of its levels.

You collected 120 gold pieces.
You spent 81 gold pieces at shops.

Inventory:

Hand Weapons
 a - a +1 dagger of draining (weapon)
 b - a +0 hunting sling
 e - a +0 spear
Missiles
 d - 25 arrows
 f - 12 sling bullets
 j - 20 stones
Armour
 k - a +1 robe (worn)
 m - a +0 cloak (worn)
Potions
 c - a potion of flight
 g - a potion of curing {unknown}
 h - a potion of heal wounds {unknown}
 i - 2 potions of brilliance {unknown}
 l - a potion of cancellation {unknown}


   Skills:
 + Level 0.2 Fighting
 + Level 0.7 Short Blades
 + Level 2.7 Dodging
 + Level 3.0 Stealth
 * Level 6.5 Spellcasting
 + Level 5.4 Summonings


You had 14 spell levels left.
You knew the following spells:

 Your Spells              Type           Power        Failure   Level
a - Summon Small Mammal   Summ           100%         1%          1
b - Call Imp              Summ           28%          1%          2

Your spell library contained the following spells:

 Spells                   Type           Power        Failure   Level
 Call Canine Familiar     Summ           28%          3%          3
 Summon Guardian Golem    Hex/Summ       17%          10%         3
 Summon Ice Beast         Ice/Summ       17%          32%         4
 Summon Lightning Spire   Summ/Air       17%          32%         4


Dungeon Overview and Level Annotations

Branches:
Dungeon (5/15)
 Temple: D:4-7

Altars:

Shops:
D:5 [

Annotations:
D:4 Robin


Message History

The wyvern bites your crimson imp but does no damage.
Your crimson imp hits the wyvern but does no damage.
The wyvern closely misses your crimson imp.
The wyvern closely misses your crimson imp.
Your crimson imp barely misses the wyvern.
The wyvern hisses menacingly.
The wyvern barely misses your crimson imp.
Your crimson imp completely misses the wyvern.
The wyvern bites your crimson imp.
The wyvern barely misses your crimson imp.
Your crimson imp hits the wyvern but does no damage.
The wyvern bites your crimson imp!
Your crimson imp dies!
Casting: Call Imp (safe; 1% risk of failure)
Confirm with . or Enter, or press ? or * to list all spells.
The wyvern bites you!
Ouch! That really hurt!
Unknown command.
You swap places.
Your quokka barely misses the wyvern.
The wyvern bites you!
You die...

#... #....
#.....
#......
##.......
##..†.....
### ###..#
#..###
##r.###
#...##
##@l##
#....###†.##
#.......###
#........#
#.......##
#.....###
#....##
###.## ##.##


You could see a wyvern and a friendly quokka (summoned).

Vanquished Creatures
  A hound (D:5)
  2 dart slugs
  2 giant cockroaches (D:1)
  2 bats (D:2)
  4 goblins
  A rat (D:1)
12 creatures vanquished.

Vanquished Creatures (collateral kills)
  A scorpion (D:5)
  A water moccasin skeleton (D:5)
  A hound (D:5)
  2 orc wizards
  2 orc priests
  Jessica (D:2)
  A worker ant (D:4)
  An adder (D:2)
  A white imp (D:5)
  An ooze (D:5)
  A leopard gecko (D:1)
  4 orcs
  3 giant cockroaches
  8 goblins (D:4)
  A frilled lizard (D:1)
  A kobold (D:2)
  2 rats (D:2)
32 creatures vanquished.

Grand Total: 44 creatures vanquished

Notes
Turn   | Place    | Note
-------+----------+-------------------------------------------
     0 | D:1      | promet the Deep Elf Summoner began the quest for the Orb.
     0 | D:1      | Reached XP level 1. HP: 10/10 MP: 6/6
  1061 | D:1      | Reached XP level 2. HP: 10/15 MP: 8/8
  1809 | D:2      | Learned a level 2 spell: Call Imp
  2349 | D:2      | Reached skill level 5 in Summonings
  2426 | D:2      | Noticed Jessica
  2430 | D:2      | Killed Jessica
  2431 | D:2      | Reached XP level 3. HP: 19/19 MP: 5/10
  2640 | D:2      | You fall into a shaft and drop 2 floors!
  2649 | D:4      | Reached skill level 4 in Spellcasting
  2662 | D:4      | Reached XP level 4. HP: 3/24 MP: 4/12
  2666 | D:4      | Noticed Robin
  2702 | D:5      | Entered Level 5 of the Dungeon
  3026 | D:5      | Reached skill level 5 in Spellcasting
  3031 | D:5      | Reached XP level 5. HP: 10/28 MP: 5/14
  3497 | D:5      | Found Warudist's Antique Armour Shop.
  3509 | D:5      | Bought a cloak for 81 gold pieces
  3665 | D:5      | Reached skill level 6 in Spellcasting
  3802 | D:5      | Noticed a wyvern
  3828 | D:5      | Slain by a wyvern

Illustrated notes

Levels and vault maps discovered:
D:1:      dpeg_arrival_central, layout_loops_ring, kennysheep_boxes
D:2:      layout_loops_corners, serial_park_tiny_pond, uniq_jessica
D:4:      layout_cave_pods, fedhas_altar_3, uniq_menkaure, uniq_grinder,
          uniq_robin
D:5:      layout_cave_pods, serial_shops, shop

Skill      XL: |  1  2  3  4  5 |
---------------+----------------+-----
Summonings     | 5 |  5.4
Spellcasting   | 4 5 6 |  6.5
Stealth        | 3 |  3.0
Fighting       | |  0.2
Short Blades   | |  0.7
Dodging        | |  2.7

Action                   |  1- 3 |  4- 6 || total
-------------------------+-------+-------++-------
Melee: Dagger            |    71 |     7 ||    78
 Fire: Hunting sling     |       |     3 ||     3
 Cast: Summon Small Mamm |    12 |     6 ||    18
       Call Imp          |    10 |    21 ||    31
  Use: Scroll            |     4 |       ||     4
 Stab: Sleeping          |     4 |       ||     4
       Distracted        |       |     1 ||     1
Armor: Robe              |    16 |     6 ||    22
Dodge: Dodged            |    53 |    19 ||    72
